Map: Galactic Process LE

Players

SENSO - Winner!

  • Race: Terran Terran
  • League: Platinum
  • Spawn Location: 1:00

Fropez

  • Race: Protoss Protoss
  • League: Gold
  • Spawn Location: 7:00

VOD

Have the link to the VOD?

Description

Time

  • Played on: Nov. 4, 2016, 1:52 p.m.
  • Length: 16:53
Show
View Real Time Build Order
Export as new Build Order

SENSO Terran - Winner!

Build Orders:  

Get SALT Encoding   

  12  0:02  SCV  
  14  0:14  SCV  
  14  0:19  Supply Depot  
  14  0:26  SCV  
  15  0:40  SCV  
  16  0:43  Barracks  
  16  0:53  SCV, Supply Depot  
  17  1:01  Refinery  
  17  1:05  SCV  
  18  1:14  Refinery  
  18  1:17  SCV  
  19  1:31  Marine  
  21  1:36  Orbital Command  
  20  1:49  Marine  
  21  2:04  SCV  
  22  2:11  Command Center  
  22  2:13  Marine  
  23  2:17  SCV  
  24  2:29  SCV  
  25  2:39  Engineering Bay  
  25  2:41  SCV  
  26  2:49  Command Center  
  26  2:50  Marine  
  27  2:53  SCV  
  28  3:05  SCV  
  28  3:07  Supply Depot  
  29  3:17  SCV  
  29  3:18  Missile Turret  
  30  3:27  Factory  
  30  3:30  SCV x2  
  32  3:42  SCV x2  
  32  3:47  Bunker  
  34  3:51  Barracks Reactor  
  34  3:54  SCV  
  34  3:55  SCV  
  36  4:00  Supply Depot  
  36  4:07  SCV  
  37  4:19  SCV  
  38  4:31  SCV  
  39  4:33  Factory Tech Lab  
  39  4:51  Planetary Fortress  
  39  4:56  Missile Turret  
  36  5:08  Siege Tank  
  36  5:09  Marine x2  
  36  5:12  SCV  
  41  5:20  SCV  
  42  5:24  SCV  
  42  5:27  Marine x2  
  45  5:32  SCV  
  45  5:33  Missile Turret  
  46  5:35  Missile Turret  
  46  5:36  SCV x2  
  48  5:44  SCV  
  48  5:48  SCV x2  
  51  5:56  SCV  
  52  5:58  Marine x2  
  52  6:00  SCV x2, Missile Turret  
  56  6:09  SCV, Refinery  
  57  6:12  SCV, Refinery  
  57  6:13  SCV  
  57  6:16  Marine x2  
  61  6:21  SCV  
  61  6:24  SCV, Missile Turret  
  61  6:25  SCV  
  63  6:26  Command Center  
  63  6:33  SCV  
  63  6:34  Marine x2  
  63  6:37  SCV  
  67  6:45  SCV  
  67  6:46  Missile Turret  
  68  6:47  Missile Turret  
  68  6:48  Siege Tank  
  68  6:49  SCV  
  68  7:01  SCV  
  66  7:13  SCV  
  58  7:25  SCV  
  58  7:32  Marine, Missile Turret  
  58  7:33  Marine  
  60  7:37  Refinery  
  60  7:40  Missile Turret  
  60  7:41  Refinery  
  60  7:45  Siege Tank  
  60  7:50  Marine x2  
  63  7:59  SCV  
  64  8:08  Marine x2  
  64  8:11  SCV  
  67  8:21  Supply Depot  
  67  8:23  SCV  
  67  8:26  Marine x2, Missile Turret  
  70  8:34  Sensor Tower  
  70  8:35  SCV  
  70  8:36  Planetary Fortress, Missile Turret  
  70  8:38  Command Center  
  70  8:39  Planetary Fortress  
  71  8:43  Missile Turret  
  71  8:44  Marine x2  
  71  8:47  SCV x2  
  73  8:59  SCV  
  73  9:00  SCV  
  73  9:01  Marine  
  73  9:02  Marine  
  74  9:05  Missile Turret  
  74  9:12  SCV  
  75  9:24  SCV  
  76  9:29  Marine x2  
  73  9:47  Marine x2  
  72  9:59  SCV  
  73  10:03  Refinery  
  73  10:04  Marine  
  73  10:05  Marine  
  73  10:06  Refinery  
  75  10:11  SCV  
  75  10:12  SCV  
  77  10:18  Missile Turret  
  77  10:22  Marine  
  77  10:23  Marine, SCV  
  77  10:24  SCV  
  81  10:29  Starport  
  81  10:30  Starport  
  81  10:33  Starport  
  81  10:34  Starport  
  81  10:36  SCV x2  
  81  10:37  Starport  
  81  10:39  Siege Tank, Starport  
  81  10:41  Starport  
  86  10:48  SCV, Refinery  
  87  10:52  Orbital Command  
  87  11:01  SCV  
  88  11:06  SCV  
  89  11:13  SCV  
  89  11:18  SCV  
  90  11:22  Starport Tech Lab x5  
  90  11:23  Starport Tech Lab x2  
  90  11:25  SCV  
  91  11:30  SCV  
  92  11:37  SCV  
  92  11:39  Supply Depot  
  89  11:42  SCV  
  86  11:49  SCV  
  87  11:54  SCV  
  88  12:01  SCV  
  88  12:02  Supply Depot  
  88  12:03  Command Center  
  88  12:04  Cloaking Field  
  88  12:06  Supply Depot, Banshee x4  
  88  12:07  Banshee x3  
  110  12:13  SCV  
  111  12:18  Refinery  
  111  12:25  SCV  
  112  12:35  Command Center  
  111  12:37  SCV  
  112  12:49  SCV, Banshee x5  
  112  12:50  Banshee x2  
  134  12:55  SCV  
  135  13:07  SCV  
  131  13:19  SCV  
  131  13:25  Missile Turret  
  131  13:31  SCV  
  131  13:32  Banshee x7  
  147  13:43  SCV  
  142  13:55  SCV  
  143  13:58  Planetary Fortress  
  143  14:02  Missile Turret  
  143  14:14  Banshee  
  143  14:15  Banshee x4  
  158  14:23  Planetary Fortress, Missile Turret  
  158  14:35  SCV  
  159  14:43  Supply Depot  
  159  14:47  SCV  
  160  14:57  Missile Turret  
  160  15:06  Supply Depot  
Show
View Real Time Build Order
Export as new Build Order

Fropez Protoss 

Build Orders: 1 Gate Expand 

Get SALT Encoding   

  12  0:01  Probe (Chrono Boost)  
  13  0:12  Probe (Chrono Boost)  
  14  0:18  Pylon  
  14  0:30  Probe (Chrono Boost)  
  15  0:38  Gateway  
  15  0:41  Probe (Chrono Boost)  
  16  0:45  Assimilator  
  16  0:52  Probe (Chrono Boost)  
  17  1:01  Gateway  
  17  1:02  Probe (Chrono Boost)  
  18  1:14  Probe (Chrono Boost)  
  19  1:31  Probe (Chrono Boost)  
  20  1:39  Nexus  
  20  1:50  Pylon  
  21  1:59  Cybernetics Core  
  20  2:03  Probe (Chrono Boost)  
  20  2:07  Assimilator  
  20  2:13  Probe (Chrono Boost)  
  21  2:24  Probe (Chrono Boost)  
  21  2:29  Pylon  
  22  2:38  Mothership Core (Chrono Boost)  
  22  2:42  Adept x2 (Chrono Boost)  
  28  3:00  Warp Gate (Chrono Boost)  
  28  3:07  Twilight Council  
  28  3:19  Probe  
  29  3:23  Probe, Stalker x2  
  34  3:33  Probe  
  35  3:38  Probe  
  35  3:40  Gateway  
  36  3:45  Probe  
  37  3:51  Pylon, Probe  
  38  4:02  Probe  
  38  4:03  Probe  
  38  4:06  Resonating Glaives (Chrono Boost)  
  40  4:18  Probe  
  40  4:23  Robotics Facility  
  41  4:34  Probe  
  41  4:36  Probe  
  41  5:17  Probe  
  41  5:18  Probe  
  43  5:24  Gateway  
  43  5:26  Gateway  
  43  5:28  Pylon, Probe  
  43  5:31  Probe  
  43  5:32  Warp Prism (Chrono Boost), Assimilator  
  47  5:38  Probe  
  47  5:42  Gateway  
  48  5:44  Adept  
  48  5:45  Adept x2  
  48  5:46  Gateway  
  48  5:49  Gateway  
  54  6:01  Pylon  
  54  6:03  Probe  
  54  6:04  Probe  
  55  6:05  Immortal (Chrono Boost)  
  60  6:11  Pylon  
  60  6:16  Probe  
  57  6:46  Adept x5  
  67  7:05  Probe  
  67  7:06  Probe  
  71  7:09  Immortal (Chrono Boost)  
  67  7:18  Blink  
  65  7:23  Adept  
  65  7:24  Adept x5  
  65  7:25  Adept x2  
  79  7:43  Warp Prism (Chrono Boost)  
  81  7:54  Adept x2  
  83  8:00  Pylon  
  83  8:06  Pylon  
  83  8:07  Pylon  
  83  8:12  Pylon  
  83  8:18  Immortal (Chrono Boost)  
  83  8:19  Assimilator  
  87  8:23  Nexus  
  87  8:24  Pylon, Forge  
  87  8:26  Gateway  
  87  8:27  Adept x4, Pylon  
  87  8:30  Assimilator  
  95  8:35  Assimilator  
  95  8:38  Pylon  
  95  8:40  Pylon  
  75  9:36  Dark Shrine  
  75  9:37  Pylon  
  79  9:39  Immortal (Chrono Boost)  
  79  9:40  Pylon  
  79  9:43  Protoss Ground Weapons Level 1  
  69  10:17  Probe  
  69  10:18  Probe  
  71  10:23  Adept  
  71  10:24  Adept x4  
  71  10:25  Adept x4  
  71  10:27  Probe x2  
  91  11:05  Zealot  
  91  11:18  Dark Templar  
  91  11:19  Dark Templar x3  
  91  11:20  Dark Templar x4  
  107  11:44  Archon x2  
  107  11:45  Archon  
  107  11:54  Adept x4  
  109  11:55  Adept  
  109  11:56  Stalker x3  
  127  12:01  Immortal (Chrono Boost)  
  127  12:06  Gateway  
  127  12:09  Probe, Gateway  
  127  12:10  Probe  
  127  12:11  Gateway  
  127  12:13  Probe, Gateway  
  130  12:16  Gateway  
  130  12:18  Gateway  
  122  12:48  Stalker  
  122  12:49  Stalker x4  
  122  12:50  Stalker x4  
  112  13:40  Observer (Chrono Boost)  
  103  13:45  Stalker  
  103  13:46  Stalker x5  
  103  13:47  Stalker x3  
  109  13:56  Photon Cannon  
  109  13:58  Observer (Chrono Boost)  
  110  14:02  Photon Cannon  
  110  14:11  Photon Cannon  
  110  14:15  Photon Cannon  
  111  14:17  Observer (Chrono Boost)  
  111  14:20  Protoss Ground Weapons Level 2  
  111  14:22  Photon Cannon  
  111  14:36  Observer (Chrono Boost)  
  112  14:39  Photon Cannon  
  112  14:41  Photon Cannon  
  112  14:45  Photon Cannon  
  112  14:54  Observer (Chrono Boost)  
  113  15:05  Photon Cannon  
  113  15:13  Stalker x2  
  111  15:14  Stalker x5  
  111  15:15  Stalker x5  
  111  15:16  Stalker x3  
  111  15:18  Pylon  
  131  15:21  Pylon  
  113  15:33  Dark Templar  
  113  15:34  Dark Templar  
  103  15:42  Dark Templar x2  
  90  16:23  Dark Templar x5  
  100  16:27  Archon x2  
Tags
 
Add a new tag
Caveats
  • Supply blocks, unpowered buildings, or Contaminate may cause inaccurate times.
  • Supply counts are checked every 10 seconds.